 Dungeon Crawl Stone Soup version 0.25.0-46-gbd7b0854d2 (webtiles) character file.

Game seed: 4062902314746887456

140 Ethylacetat the Poker (level 5, -4/41 HPs)
             Began as a Demonspawn Gladiator on July 16, 2020.
             Killed by divine providence
             ... invoked by an orc priest
              (12 damage)
             ... on level 3 of the Dungeon.
             The game lasted 00:06:19 (3349 turns).

Ethylacetat the Poker (Demonspawn Gladiator)        Turns: 3349, Time: 00:06:19

Health: -4/41      AC:  4    Str: 12 (15) XL:     5   Next: 2%
Magic:  0/5        EV: 12    Int:  8 (10) God:
Gold:   55         SH:  0    Dex: 12 (14) Spells: 4/4 levels left

rFire    . . .     SeeInvis .   a - +0 trident
rCold    . . .     Gourm    .   (no shield)
rNeg     . . .     Faith    .   b - +0 leather armour
rPois    .         Spirit   +   c - +0 helmet
rElec    .         Reflect  .   (no cloak)
rCorr    .         Harm     .   (no gloves)
MR       .....                  (no boots)
Stlth    ++........             (no amulet)
HPRegen  0.13/turn              (no ring)
MPRegen  0.09/turn              (no ring)

@: stab
A: hooves 1, nightstalker 1, magic shield
a: no special abilities


You were on level 3 of the Dungeon.
You were not hungry.

You visited 1 branch of the dungeon, and saw 3 of its levels.

You collected 55 gold pieces.

Inventory:

Hand Weapons
 a - a +0 trident (weapon)
Missiles
 d - 3 throwing nets (quivered)
Armour
 b - a +0 leather armour (worn)
 c - a +0 helmet (worn)
Scrolls
 i - a scroll of identify {unknown}
 j - a scroll of fog {unknown}
 k - 2 scrolls of enchant weapon {unknown}
 o - a scroll of amnesia {unknown}
 p - a scroll of noise {unknown}
 q - 2 scrolls of remove curse {unknown}
Potions
 g - a potion of lignification
 m - a potion of brilliance
Comestibles
 f - 5 rations
 n - a chunk of flesh


   Skills:
 + Level 3.3 Fighting
 * Level 4.5 Polearms
 - Level 1.7 Throwing
 - Level 2.6 Dodging


You had 4 spell levels left.
You didn't know any spells.
Your spell library was empty.

Dungeon Overview and Level Annotations

Branches:
Dungeon (3/15)

Altars:


Innate Abilities, Weirdness & Mutations

You have large cloven feet.
You are slightly more attuned to the shadows.
When hurt, damage is shared between your health and your magic reserves.


Message History

The orc priest is heavily wounded.
The orc priest closely misses you.
You barely miss the orc priest. You kick the orc priest.
The orc priest is severely wounded.
The orc priest hits you with a +0 club.
* * * LOW HITPOINT WARNING * * *
You barely miss the orc priest. You kick the orc priest.
The orc priest is almost dead.
The orc priest hits you with a +0 club.
* * * LOW HITPOINT WARNING * * *
Some of the chunks of flesh in your inventory have rotted away.
You barely miss the orc priest.
The orc priest is almost dead.
The orc priest hits you but does no damage.
You hit the orc priest but do no damage.
Your kick misses the orc priest.
The orc priest is almost dead.
The orc priest mumbles some strange prayers to Beogh against you.
Beogh smites you!
You die...

.......#
.......# #o# #o#
#.# #.# #.#
##############o#
#@oo...........#
################


You could see an orc priest and an orc.

Vanquished Creatures
  4 gnolls
  4 adders (D:2)
  3 dart slugs
  3 worms (D:2)
  A leopard gecko (D:1)
  An orc (D:2)
  4 giant cockroaches
  6 goblins
  10 hobgoblins
  2 jackals (D:1)
  2 kobolds (D:1)
  5 bats
  2 frilled lizards (D:1)
  2 rats
49 creatures vanquished.

Notes
Turn   | Place    | Note
-------+----------+-------------------------------------------
     0 | D:1      | Ethylacetat the Demonspawn Gladiator began the quest for
                  | the Orb.
     0 | D:1      | Reached XP level 1. HP: 16/16 MP: 1/1
   292 | D:1      | Reached skill level 3 in Polearms
   299 | D:1      | Gained mutation: When hurt, damage is shared between your
                  | health and your magic reserves. [demonic ancestry]
   299 | D:1      | Reached XP level 2. HP: 18/22 MP: 2/2
   821 | D:1      | Gained mutation: You are slightly more attuned to the
                  | shadows. [demonic ancestry]
   821 | D:1      | Reached XP level 3. HP: 28/28 MP: 3/3
  1866 | D:2      | Reached skill level 4 in Polearms
  1878 | D:2      | Reached XP level 4. HP: 34/34 MP: 4/4
  3320 | D:2      | HP: 1/35 [poisoned by an adder]
  3331 | D:2      | Gained mutation: You have large cloven feet. [demonic
                  | ancestry]
  3331 | D:2      | Reached XP level 5. HP: 40/41 MP: 5/5
  3349 | D:3      | Killed from afar by an orc priest

Illustrated notes

Levels and vault maps discovered:
D:1:      dpeg_arrival_chambers_temple_mockup, layout_basic
D:2:      layout_loops_ring
D:3:      layout_basic, uniq_jessica, uniq_terence

Skill      XL: |  1  2  3  4 |
---------------+-------------+-----
Polearms       | 3 4 |  4.5
Fighting       | 3 |  3.3
Throwing       | |  1.7
Dodging        | |  2.6

Action                   |  1- 3 |  4- 6 || total
-------------------------+-------+-------++-------
Melee: Trident           |   116 |    94 ||   210
       Kick              |       |     5 ||     5
  Use: Potion            |       |     7 ||     7
 Stab: Sleeping          |     4 |     7 ||    11
  Eat: Chunk             |     3 |     5 ||     8
Armor: Leather armour    |    20 |    15 ||    35
       Skin              |       |     4 ||     4
Dodge: Dodged            |    66 |    49 ||   115
